COLUMBUS vs OTTAWA

Created - January 19, 2021 at 06:51

Goals
1 2 3 T
COLUMBUS 2 2 1 5
OTTAWA 0 1 0 1
Shots
1 2 3 T
COLUMBUS 6 10 9 25
OTTAWA 6 5 10 21

1st period

1. COLUMBUS , Cam Atkinson 3 (Derek Grant 1, Kaapo Kakko 2) at 5:31
2. COLUMBUS , Steven Stamkos 4 (Aleksander Barkov 4, Jacob Trouba 3) at 15:44

Penalties :
Erik Cernak (CBJ) for Tripping (Minor) at 10:13

2nd period

3. COLUMBUS , John Carlson 4 (Steven Stamkos 8, Aleksander Barkov 5) at 1:04
4. OTTAWA , Kyle Okposo 2 (Vince Dunn 5) at 4:52 (PP)
5. COLUMBUS , Aleksander Barkov 4 (John Carlson 5) at 8:03

Penalties :
Erik Cernak (CBJ) for Holding (Minor) at 1:31, Steven Stamkos (CBJ) for Roughing (Minor) at 4:23

3rd period

6. COLUMBUS , Aleksander Barkov 5 (Ben Chiarot 6, Steven Stamkos 9) at 19:52

Penalties :
Kaapo Kakko (CBJ) for Interference (Minor) at 7:37

Goalie Stats

Jordan Binnington (CBJ), 20 saves from 21 shots - (0.952), W, 5-3-2, 60:00 minutes
Connor Hellebuyck (OTT), 20 saves from 25 shots - (0.800), L, 2-4-1, 60:00 minutes

Players Stats for COLUMBUS

Player Name              G  A  P  +/- PIM S  H  SB GA TA FO     MP     PP MP  PK MP  
------------------------------------------------------------------------------------
Aleksander Barkov        2  2  4   4  0   10 0  0  0  0  6/10   18:11   0:00   0:38 
Anthony Beauvillier      0  0  0   4  0   1  0  0  0  0  1/2    17:47   0:00   0:41 
Ben Chiarot              0  1  1   2  0   1  1  1  0  0  0/0    20:10   0:00   2:48 
Cam Atkinson             1  0  1   1  0   4  1  0  0  0  0/0    11:54   0:00   0:00 
Carl Gunnarsson          0  0  0   1  0   0  0  0  0  0  0/0     3:53   0:00   0:00 
Derek Grant              0  1  1   1  0   1  1  0  0  0  13/22  16:23   0:00   4:29 
Erik Cernak              0  0  0   0  4   1  1  0  0  0  0/0    15:23   0:00   0:00 
Jack Roslovic            0  0  0   0  0   1  0  0  0  0  0/0     9:11   0:00   0:00 
Jacob Trouba             0  1  1   2  0   0  0  0  0  0  0/0    20:12   0:00   2:42 
John Carlson             1  1  2   3  0   1  3  1  0  0  0/0    23:37   0:00   2:58 
Jonathan Drouin          0  0  0   0  0   0  0  0  0  0  1/1    14:56   0:00   0:00 
Kaapo Kakko              0  1  1   1  2   0  1  0  0  0  0/0    12:20   0:00   0:00 
Luke Kunin               0  0  0   0  0   0  1  0  0  0  9/18   16:15   0:00   1:19 
Marcus Sorensen          0  0  0   0  0   0  0  0  0  0  0/1     9:33   0:00   0:22 
Mattias Ekholm           0  0  0   2  0   0  1  1  0  0  0/0    20:44   0:00   3:50 
Ryan Murray              0  0  0   0  0   1  1  0  0  0  0/0    15:59   0:00   0:34 
Sean Kuraly              0  0  0   0  0   0  0  0  0  0  5/7    10:24   0:00   1:13 
Steven Stamkos           1  2  3   4  2   4  3  0  0  0  0/0    17:32   0:00   0:00 
T.J. Oshie               0  0  0   0  0   0  2  0  0  0  0/0    19:06   0:00   4:10 

Players Stats for OTTAWA

Player Name              G  A  P  +/- PIM S  H  SB GA TA FO     MP     PP MP  PK MP  
------------------------------------------------------------------------------------
Brandon Pirri            0  0  0   0  0   0  0  0  0  0  1/1     9:35   3:08   0:00 
Colin Wilson             0  0  0  -2  0   3  0  0  0  0  2/6    18:27   3:08   0:00 
Dmitry Kulikov           0  0  0  -3  0   0  0  0  0  0  0/0    18:45   0:00   0:00 
Garnet Hathaway          0  0  0  -1  0   3  2  0  0  0  4/10   15:32   0:00   0:00 
Joakim Nygard            0  0  0  -1  0   2  0  0  0  0  0/1    15:32   0:00   0:00 
Jordan Eberle            0  0  0  -2  0   1  0  1  0  0  0/0    19:34   3:18   0:00 
Kyle Okposo              1  0  1  -2  0   2  1  0  0  0  0/0    18:27   3:08   0:00 
MacKenzie Entwistle      0  0  0   0  0   1  0  0  0  0  0/0     6:27   0:00   0:00 
Marcus Johansson         0  0  0  -2  0   1  1  0  0  0  14/25  19:34   3:18   0:00 
Mark Borowiecki          0  0  0  -3  0   1  1  1  0  0  0/0    21:31   2:46   0:00 
Martin Kaut              0  0  0  -1  0   0  1  1  0  0  0/0    15:32   0:00   0:00 
Michael Rasmussen        0  0  0   0  0   0  2  0  0  0  1/5     6:27   0:00   0:00 
Michal Kempny            0  0  0  -1  0   2  1  1  0  0  0/0    15:39   0:07   0:00 
Niklas Kronwall          0  0  0  -2  0   0  1  0  0  0  0/0    20:22   3:07   0:00 
Oskar Sundqvist          0  0  0  -2  0   0  1  1  0  0  3/12   15:19   0:00   0:00 
Ryan Suter               0  0  0  -1  0   0  2  1  0  0  0/0    23:21   3:19   0:00 
Vince Dunn               0  1  1   0  0   3  2  0  0  0  0/0    20:22   3:33   0:00 
Yanni Gourde             0  0  0  -2  0   2  1  0  0  0  1/1    19:34   3:18   0:00 

3 Stars

1 - Aleksander Barkov (CBJ)
2 - Steven Stamkos (CBJ)
3 - John Carlson (CBJ)

Power Play

COLUMBUS - 0 on 0 Attempt(s) - 0.00%
OTTAWA - 1 on 4 Attempt(s) - 25.00%

Penalty Kill

COLUMBUS - 3 on 4 Attempt(s) - 75.00% - Score 0 goal in Penalty Kill
OTTAWA - 0 on 0 Attempt(s) - 0.00% - Score 0 goal in Penalty Kill

Team Stat

COLUMBUS - Hits : 16 - Faceoff Wins : 35 - Blocked Shots : 3 - Penalty Minutes : 8
OTTAWA - Hits : 16 - Faceoff Wins : 26 - Blocked Shots : 6 - Penalty Minutes : 0

Official

Referees : Ryan Hersey and Tom Chmielewski
Linesman : Brian Mach and Julien Fournier

Game Notes

No Game Note

Finance

Level 1 -- Attendance: 4143 (69.05%) -- Ticket Income $414,300
Level 2 -- Attendance: 3816 (76.32%) -- Ticket Income $228,960
Level 3 -- Attendance: 1911 (95.55%) -- Ticket Income $66,885
Level 4 -- Attendance: 3473 (86.83%) -- Ticket Income $69,460
Luxury Box -- Attendance: 769 (76.90%) -- Ticket Income $153,800
Game was played at the Canadian Tire Center.
Total Attendance: 14112 (78.40%)
Total Ticket Income: $933,405
Total Income: $933,405

COLUMBUS

5 vs 5 Forward 
   Center                   Left Wing                Right Wing               Time % Phy DF OF 
 1 Aleksander Barkov        Anthony Beauvillier      Steven Stamkos           35     1   2  2  
 2 Luke Kunin               Jonathan Drouin          T.J. Oshie               30     1   2  2  
 3 Derek Grant              Kaapo Kakko              Cam Atkinson             25     1   2  2  
 4 Sean Kuraly              Marcus Sorensen          Jack Roslovic            10     1   2  2  

5 vs 5 Defense 
   Defense                  Defense                                           Time % Phy DF OF 
 1 John Carlson             Mattias Ekholm                                    35     1   2  2  
 2 Jacob Trouba             Ben Chiarot                                       30     1   2  2  
 3 Erik Cernak              Ryan Murray                                       25     1   2  2  
 4 Carl Gunnarsson          John Carlson                                      10     1   2  2  

PowerPlay Forward 
   Center                   Left Wing                Right Wing               Time % Phy DF OF 
 1 Aleksander Barkov        Anthony Beauvillier      Steven Stamkos           60     1   2  2  
 2 Luke Kunin               Jonathan Drouin          T.J. Oshie               40     1   2  2  

PowerPlay Defense
   Defense                  Defense                                           Time % Phy DF OF 
 1 John Carlson             Mattias Ekholm                                    60     1   2  2  
 2 Jacob Trouba             Ben Chiarot                                       40     1   2  2  

Penalty Kill 4 Players Forward 
   Center                   Wing                     Time % Phy DF OF 
 1 Derek Grant              T.J. Oshie               60     1   2  2  
 2 Luke Kunin               Sean Kuraly              40     1   2  2  

Penalty Kill 4 Players Defense
   Defense                  Defense                  Time % Phy DF OF 
 1 John Carlson             Mattias Ekholm           60     1   2  2  
 2 Jacob Trouba             Ben Chiarot              40     1   2  2  

Penalty Kill - 3 Players Forward 
   Forward                                           Time % Phy DF OF 
 1 Derek Grant                                       60     1   2  2  
 2 Sean Kuraly                                       40     1   2  2  

Penalty Kill - 3 Players Defense
   Defense                  Defense                  Time % Phy DF OF 
 1 John Carlson             Mattias Ekholm           60     1   2  2  
 2 Jacob Trouba             Ben Chiarot              40     1   2  2  

4 vs 4 Forward 
   Center                   Wing                     Time % Phy DF OF 
 1 Aleksander Barkov        Anthony Beauvillier      60     1   2  2  
 2 Steven Stamkos           T.J. Oshie               40     1   2  2  

4 vs 4 Defense
   Defense                  Defense                  Time % Phy DF OF 
 1 John Carlson             Mattias Ekholm           60     1   2  2  
 2 Jacob Trouba             Ben Chiarot              40     1   2  2  

Last Minutes Offensive
   Center                   Left Wing                Right Wing               Defense                  Defense                  
   Aleksander Barkov        Anthony Beauvillier      Steven Stamkos           John Carlson             Mattias Ekholm           

Last Minutes Defensive
   Center                   Left Wing                Right Wing               Defense                  Defense                  
   Aleksander Barkov        Anthony Beauvillier      Steven Stamkos           John Carlson             Mattias Ekholm           

Goaltenders
Starting : Jordan Binnington        
Backup : David Rittich            

Extra Forwards
Normal : Kaapo Kakko, Derek Grant, Sean Kuraly - PP : Kaapo Kakko, Derek Grant - PK : Sean Kuraly
Extra Defensemen
Normal : Erik Cernak, Ryan Murray, Carl Gunnarsson - PP : Erik Cernak - PK : Ryan Murray, Carl Gunnarsson
Penalty Shots
Aleksander Barkov, Steven Stamkos, T.J. Oshie, Cam Atkinson, Anthony Beauvillier

Scratches
Emil Bemstrom (Healthy), CBJ Cap Hit (Suspend)

OTTAWA

5 vs 5 Forward 
   Center                   Left Wing                Right Wing               Time % Phy DF OF 
 1 Marcus Johansson         Yanni Gourde             Jordan Eberle            35     0   1  4  
 2 Oskar Sundqvist          Kyle Okposo              Colin Wilson             30     1   2  2  
 3 Garnet Hathaway          Joakim Nygard            Martin Kaut              25     1   3  1  
 4 Michael Rasmussen        Brandon Pirri            MacKenzie Entwistle      10     2   2  1  

5 vs 5 Defense 
   Defense                  Defense                                           Time % Phy DF OF 
 1 Ryan Suter               Vince Dunn                                        35     1   1  3  
 2 Michal Kempny            Niklas Kronwall                                   30     1   2  2  
 3 Dmitry Kulikov           Mark Borowiecki                                   25     1   3  1  
 4 Ryan Suter               Niklas Kronwall                                   10     2   2  1  

PowerPlay Forward 
   Center                   Left Wing                Right Wing               Time % Phy DF OF 
 1 Marcus Johansson         Yanni Gourde             Jordan Eberle            60     0   1  4  
 2 Colin Wilson             Brandon Pirri            Kyle Okposo              40     0   2  3  

PowerPlay Defense
   Defense                  Defense                                           Time % Phy DF OF 
 1 Vince Dunn               Ryan Suter                                        60     0   1  4  
 2 Mark Borowiecki          Niklas Kronwall                                   40     0   2  3  

Penalty Kill 4 Players Forward 
   Center                   Wing                     Time % Phy DF OF 
 1 Garnet Hathaway          Jordan Eberle            60     1   3  1  
 2 Colin Wilson             Yanni Gourde             40     1   4  0  

Penalty Kill 4 Players Defense
   Defense                  Defense                  Time % Phy DF OF 
 1 Ryan Suter               Niklas Kronwall          60     1   3  1  
 2 Mark Borowiecki          Michal Kempny            40     1   4  0  

Penalty Kill - 3 Players Forward 
   Forward                                           Time % Phy DF OF 
 1 Oskar Sundqvist                                   60     0   4  1  
 2 Garnet Hathaway                                   40     2   3  0  

Penalty Kill - 3 Players Defense
   Defense                  Defense                  Time % Phy DF OF 
 1 Ryan Suter               Niklas Kronwall          60     0   4  1  
 2 Michal Kempny            Mark Borowiecki          40     2   3  0  

4 vs 4 Forward 
   Center                   Wing                     Time % Phy DF OF 
 1 Oskar Sundqvist          Colin Wilson             60     1   2  2  
 2 Garnet Hathaway          Kyle Okposo              40     1   2  2  

4 vs 4 Defense
   Defense                  Defense                  Time % Phy DF OF 
 1 Ryan Suter               Niklas Kronwall          60     1   2  2  
 2 Mark Borowiecki          Dmitry Kulikov           40     1   2  2  

Last Minutes Offensive
   Center                   Left Wing                Right Wing               Defense                  Defense                  
   Marcus Johansson         Yanni Gourde             Jordan Eberle            Ryan Suter               Vince Dunn               

Last Minutes Defensive
   Center                   Left Wing                Right Wing               Defense                  Defense                  
   Oskar Sundqvist          Yanni Gourde             Jordan Eberle            Ryan Suter               Niklas Kronwall          

Goaltenders
Starting : Connor Hellebuyck        
Backup : Pekka Rinne              

Extra Forwards
Normal : Colin Wilson, Oskar Sundqvist, Garnet Hathaway - PP : Kyle Okposo, Colin Wilson - PK : Jordan Eberle
Extra Defensemen
Normal : Ryan Suter, Niklas Kronwall, Mark Borowiecki - PP : Michal Kempny - PK : Dmitry Kulikov, Vince Dunn
Penalty Shots
Brandon Pirri, Jordan Eberle, Kyle Okposo, Dmitry Kulikov, Colin Wilson

Scratches
OTT Cap Hit (Suspend), Roman Polak (Healthy), Mirco Mueller (Healthy), Dominik Simon (Healthy), Laurent Brossoit (Healthy)

% Time on Ice - COLUMBUS

Lines # - Real PCT - Wanted PCT - Time Play
Normal Forward
1 - 33% - 35% - 17:33
2 - 28% - 30% - 14:56
3 - 22% - 25% - 11:54
4 - 17% - 10% - 9:11
Normal Defense
1 - 32% - 35% - 16:54
2 - 32% - 30% - 17:22
3 - 29% - 25% - 15:25
4 - 7% - 10% - 3:53
PP Forward
1 - 0% - 60%
2 - 0% - 40%
PP Defense
1 - 0% - 60%
2 - 0% - 40%
PK Forward
1 - 80% - 60% - 5:07
2 - 20% - 40% - 1:19
PK Defense
1 - 60% - 60% - 3:50
2 - 40% - 40% - 2:36
PK3 Forward
1 - 0% - 60%
2 - 0% - 40%
PK3 Defense
1 - 0% - 60%
2 - 0% - 40%
44 Forward
1 - 0% - 60%
2 - 0% - 40%
44 Defense
1 - 0% - 60%
2 - 0% - 40%
Last Minute Offensive  - 0:00
Last Minute Defensive  - 0:00
Total
Forward - 60:00
Defense - 60:00

% Time on Ice - OTTAWA

Lines # - Real PCT - Wanted PCT - Time Play
Normal Forward
1 - 30% - 35% - 16:16
2 - 29% - 30% - 15:19
3 - 29% - 25% - 15:32
4 - 12% - 10% - 6:27
Normal Defense
1 - 31% - 35% - 16:49
2 - 28% - 30% - 14:45
3 - 35% - 25% - 18:45
4 - 6% - 10% - 3:15
PP Forward
1 - 51% - 60% - 3:18
2 - 49% - 40% - 3:08
PP Defense
1 - 55% - 60% - 3:33
2 - 45% - 40% - 2:53
PK Forward
1 - 0% - 60%
2 - 0% - 40%
PK Defense
1 - 0% - 60%
2 - 0% - 40%
PK3 Forward
1 - 0% - 60%
2 - 0% - 40%
PK3 Defense
1 - 0% - 60%
2 - 0% - 40%
44 Forward
1 - 0% - 60%
2 - 0% - 40%
44 Defense
1 - 0% - 60%
2 - 0% - 40%
Last Minute Offensive  - 0:00
Last Minute Defensive  - 0:00
Total
Forward - 60:00
Defense - 60:00

Play-by-Play

1st period


0:01 of 1st period - Aleksander Barkov wins face-off versus Marcus Johansson in neutral zone.
0:36 of 1st period - Shot by Mattias Ekholm.
0:36 of 1st period - Shot Blocked by Jordan Eberle.
2:02 of 1st period - Icing by Ben Chiarot.
2:03 of 1st period - Luke Kunin wins face-off versus Joakim Nygard in COLUMBUS zone.
2:37 of 1st period - Shot by Joakim Nygard.
2:37 of 1st period - Stopped by Jordan Binnington with a rebound.
2:40 of 1st period - Icing by Jacob Trouba.
2:41 of 1st period - Oskar Sundqvist wins face-off versus Luke Kunin in COLUMBUS zone.
3:10 of 1st period - Shot by Cam Atkinson.
3:10 of 1st period - Stopped by Connor Hellebuyck without a rebound.
3:11 of 1st period - Aleksander Barkov wins face-off versus Michael Rasmussen in OTTAWA zone.
4:02 of 1st period - Shot by Garnet Hathaway.
4:02 of 1st period - Stopped by Jordan Binnington without a rebound.
4:03 of 1st period - Derek Grant wins face-off versus Oskar Sundqvist in COLUMBUS zone.
4:16 of 1st period - Shot by Oskar Sundqvist.
4:16 of 1st period - Deflect By Kyle Okposo.
4:16 of 1st period - Shot Misses the Net.
4:18 of 1st period - Shot by Michal Kempny.
4:18 of 1st period - Stopped by Jordan Binnington without a rebound.
4:19 of 1st period - Sean Kuraly wins face-off versus Garnet Hathaway in COLUMBUS zone.
4:19 of 1st period - Sean Kuraly is hit by Garnet Hathaway.
4:29 of 1st period - Shot by Marcus Sorensen.
4:29 of 1st period - Shot Misses the Net.
5:17 of 1st period - Off-side.
5:18 of 1st period - Derek Grant wins face-off versus Marcus Johansson in neutral zone.
5:29 of 1st period - Shot by Kaapo Kakko.
5:29 of 1st period - Shot Misses the Net.
5:31 of 1st period - Shot by Derek Grant.
5:31 of 1st period - Deflect By Cam Atkinson.
5:31 of 1st period - Goal by Cam Atkinson - COLUMBUS : 1 - OTTAWA : 0.
5:32 of 1st period - Aleksander Barkov wins face-off versus Oskar Sundqvist in neutral zone.
6:10 of 1st period - Shot by Kyle Okposo.
6:10 of 1st period - Shot Misses the Net.
6:49 of 1st period - Icing by Mark Borowiecki.
6:50 of 1st period - Marcus Johansson wins face-off versus Derek Grant in OTTAWA zone.
7:26 of 1st period - Cam Atkinson is hit by Yanni Gourde and loses puck.
7:51 of 1st period - Vince Dunn is hit by T.J. Oshie and loses puck.
8:05 of 1st period - Ben Chiarot is hit by Garnet Hathaway and loses puck.
10:13 of 1st period - Minor Penalty to Erik Cernak for Tripping.
10:14 of 1st period - Marcus Johansson wins face-off versus Derek Grant in COLUMBUS zone.
10:37 of 1st period - Shot by Yanni Gourde.
10:37 of 1st period - Stopped by Jordan Binnington without a rebound.
10:38 of 1st period - Derek Grant wins face-off versus Colin Wilson in COLUMBUS zone.
12:39 of 1st period - Shot by Aleksander Barkov.
12:39 of 1st period - Stopped by Connor Hellebuyck without a rebound.
12:40 of 1st period - Michael Rasmussen wins face-off versus Luke Kunin in OTTAWA zone.
13:02 of 1st period - Shot by MacKenzie Entwistle.
13:02 of 1st period - Stopped by Jordan Binnington without a rebound.
13:03 of 1st period - Oskar Sundqvist wins face-off versus Aleksander Barkov in COLUMBUS zone.
13:40 of 1st period - Shot by Steven Stamkos.
13:40 of 1st period - Shot Misses the Net.
13:42 of 1st period - Shot by Aleksander Barkov.
13:42 of 1st period - Stopped by Connor Hellebuyck without a rebound.
13:43 of 1st period - Yanni Gourde wins face-off versus Derek Grant in OTTAWA zone.
13:43 of 1st period - Yanni Gourde is hit by Cam Atkinson.
14:50 of 1st period - Shot by Garnet Hathaway.
14:50 of 1st period - Stopped by Jordan Binnington without a rebound.
14:51 of 1st period - Luke Kunin wins face-off versus Colin Wilson in COLUMBUS zone.
15:44 of 1st period - Shot by Steven Stamkos.
15:44 of 1st period - Goal by Steven Stamkos - COLUMBUS : 2 - OTTAWA : 0.
15:45 of 1st period - Anthony Beauvillier wins face-off versus Marcus Johansson in neutral zone.
16:19 of 1st period - Shot by Aleksander Barkov.
16:19 of 1st period - Shot Misses the Net.
16:21 of 1st period - Shot by Ben Chiarot.
16:21 of 1st period - Stopped by Connor Hellebuyck without a rebound.
16:22 of 1st period - Sean Kuraly wins face-off versus Garnet Hathaway in OTTAWA zone.
17:20 of 1st period - Off-side.
17:21 of 1st period - Marcus Johansson wins face-off versus Aleksander Barkov in neutral zone.
18:51 of 1st period - T.J. Oshie is hit by Michael Rasmussen and loses puck.
18:55 of 1st period - Icing by Ryan Murray.
18:56 of 1st period - Garnet Hathaway wins face-off versus Luke Kunin in COLUMBUS zone.
18:56 of 1st period - Garnet Hathaway is hit by Ryan Murray.
19:37 of 1st period - Shot by Derek Grant.
19:37 of 1st period - Shot Blocked by Mark Borowiecki.
Goals for this period are 2 for COLUMBUS vs 0 for OTTAWA.
Shots for this period are 6 for COLUMBUS vs 6 for OTTAWA.

2nd period


0:01 of 2nd period - Marcus Johansson wins face-off versus Anthony Beauvillier in neutral zone.
0:16 of 2nd period - Shot by Jordan Eberle.
0:16 of 2nd period - Stopped by Jordan Binnington without a rebound.
0:17 of 2nd period - Derek Grant wins face-off versus Oskar Sundqvist in COLUMBUS zone.
0:26 of 2nd period - Shot by Kyle Okposo.
0:26 of 2nd period - Shot Misses the Net.
0:32 of 2nd period - Mark Borowiecki is hit by Kaapo Kakko and loses puck.
0:48 of 2nd period - Off-side.
0:49 of 2nd period - Marcus Johansson wins face-off versus Aleksander Barkov in neutral zone.
1:02 of 2nd period - Shot by Aleksander Barkov.
1:02 of 2nd period - Deflect By Steven Stamkos.
1:02 of 2nd period - Stopped by Connor Hellebuyck with a rebound.
1:04 of 2nd period - Shot by John Carlson.
1:04 of 2nd period - Goal by John Carlson - COLUMBUS : 3 - OTTAWA : 0.
1:05 of 2nd period - Luke Kunin wins face-off versus Michael Rasmussen in neutral zone.
1:08 of 2nd period - Ryan Suter is hit by T.J. Oshie and loses puck.
1:26 of 2nd period - Icing by T.J. Oshie.
1:27 of 2nd period - Marcus Johansson wins face-off versus Luke Kunin in COLUMBUS zone.
1:27 of 2nd period - Michal Kempny is hit by Erik Cernak and loses puck.
1:31 of 2nd period - Minor Penalty to Erik Cernak for Holding.
1:32 of 2nd period - Derek Grant wins face-off versus Marcus Johansson in COLUMBUS zone.
1:32 of 2nd period - Derek Grant is hit by Marcus Johansson.
3:32 of 2nd period - Shot by Aleksander Barkov.
3:32 of 2nd period - Shot Misses the Net.
3:34 of 2nd period - Shot by Aleksander Barkov.
3:34 of 2nd period - Stopped by Connor Hellebuyck with a rebound.
3:36 of 2nd period - Shot by Aleksander Barkov.
3:36 of 2nd period - Shot Blocked by Michal Kempny.
3:44 of 2nd period - Shot by Aleksander Barkov.
3:44 of 2nd period - Shot Blocked by Martin Kaut.
4:02 of 2nd period - Michal Kempny is hit by Steven Stamkos and loses puck.
4:23 of 2nd period - Minor Penalty to Steven Stamkos for Roughing.
4:24 of 2nd period - Derek Grant wins face-off versus Marcus Johansson in COLUMBUS zone.
4:37 of 2nd period - Shot by Vince Dunn.
4:37 of 2nd period - Stopped by Jordan Binnington without a rebound.
4:38 of 2nd period - Derek Grant wins face-off versus Colin Wilson in COLUMBUS zone.
4:52 of 2nd period - Shot by Kyle Okposo.
4:52 of 2nd period - Goal by Kyle Okposo - COLUMBUS : 3 - OTTAWA : 1.
4:53 of 2nd period - Sean Kuraly wins face-off versus Marcus Johansson in neutral zone.
5:56 of 2nd period - Icing by Niklas Kronwall.
5:57 of 2nd period - Garnet Hathaway wins face-off versus Luke Kunin in OTTAWA zone.
7:05 of 2nd period - Shot by Aleksander Barkov.
7:05 of 2nd period - Shot Misses the Net.
7:08 of 2nd period - Aleksander Barkov is hit by Michal Kempny.
7:13 of 2nd period - Icing by Niklas Kronwall.
7:14 of 2nd period - Derek Grant wins face-off versus Garnet Hathaway in OTTAWA zone.
7:15 of 2nd period - Shot by Cam Atkinson.
7:15 of 2nd period - Deflect By Derek Grant.
7:15 of 2nd period - Stopped by Connor Hellebuyck without a rebound.
7:16 of 2nd period - Marcus Johansson wins face-off versus Derek Grant in OTTAWA zone.
7:16 of 2nd period - Marcus Johansson is hit by Derek Grant.
7:40 of 2nd period - Shot by Jordan Eberle.
7:40 of 2nd period - Shot Blocked by Ben Chiarot.
7:42 of 2nd period - Shot by Ryan Suter.
7:42 of 2nd period - Shot Misses the Net.
7:53 of 2nd period - Off-side.
7:54 of 2nd period - Aleksander Barkov wins face-off versus Oskar Sundqvist in neutral zone.
8:03 of 2nd period - Shot by Aleksander Barkov.
8:03 of 2nd period - Goal by Aleksander Barkov - COLUMBUS : 4 - OTTAWA : 1.
8:04 of 2nd period - Luke Kunin wins face-off versus Michael Rasmussen in neutral zone.
8:58 of 2nd period - Shot by Steven Stamkos.
8:58 of 2nd period - Shot Misses the Net.
9:10 of 2nd period - Jacob Trouba is hit by Michael Rasmussen.
9:23 of 2nd period - Shot by Anthony Beauvillier.
9:23 of 2nd period - Stopped by Connor Hellebuyck without a rebound.
9:24 of 2nd period - Derek Grant wins face-off versus Oskar Sundqvist in OTTAWA zone.
9:41 of 2nd period - Shot by Cam Atkinson.
9:41 of 2nd period - Stopped by Connor Hellebuyck with a rebound.
9:43 of 2nd period - Shot by Ryan Murray.
9:43 of 2nd period - Stopped by Connor Hellebuyck without a rebound.
9:44 of 2nd period - Marcus Johansson wins face-off versus Sean Kuraly in OTTAWA zone.
11:00 of 2nd period - Shot by Aleksander Barkov.
11:00 of 2nd period - Shot Misses the Net.
11:45 of 2nd period - Dmitry Kulikov is hit by Steven Stamkos.
12:27 of 2nd period - Ryan Suter is hit by Luke Kunin and loses puck.
12:44 of 2nd period - Icing by John Carlson.
12:45 of 2nd period - Luke Kunin wins face-off versus Marcus Johansson in COLUMBUS zone.
13:06 of 2nd period - Marcus Johansson is hit by John Carlson and loses puck.
13:17 of 2nd period - Shot by Marcus Johansson.
13:17 of 2nd period - Shot Misses the Net.
13:24 of 2nd period - Yanni Gourde is hit by John Carlson.
14:14 of 2nd period - Shot by Cam Atkinson.
14:14 of 2nd period - Shot Misses the Net.
14:25 of 2nd period - Off-side.
14:26 of 2nd period - Garnet Hathaway wins face-off versus Sean Kuraly in neutral zone.
15:12 of 2nd period - Icing by Ben Chiarot.
15:13 of 2nd period - Sean Kuraly wins face-off versus Marcus Johansson in COLUMBUS zone.
15:36 of 2nd period - Icing by Marcus Johansson.
15:37 of 2nd period - Derek Grant wins face-off versus Marcus Johansson in OTTAWA zone.
15:58 of 2nd period - Shot by Cam Atkinson.
15:58 of 2nd period - Stopped by Connor Hellebuyck without a rebound.
15:59 of 2nd period - Colin Wilson wins face-off versus Aleksander Barkov in OTTAWA zone.
15:59 of 2nd period - Colin Wilson is hit by Steven Stamkos.
16:13 of 2nd period - Shot by Steven Stamkos.
16:13 of 2nd period - Stopped by Connor Hellebuyck with a rebound.
16:25 of 2nd period - Shot by Kyle Okposo.
16:25 of 2nd period - Shot Misses the Net.
17:33 of 2nd period - Shot by Michal Kempny.
17:33 of 2nd period - Stopped by Jordan Binnington without a rebound.
17:34 of 2nd period - Luke Kunin wins face-off versus Marcus Johansson in COLUMBUS zone.
18:56 of 2nd period - Shot by Vince Dunn.
18:56 of 2nd period - Stopped by Jordan Binnington with a rebound.
19:13 of 2nd period - Icing by Martin Kaut.
19:14 of 2nd period - Derek Grant wins face-off versus Garnet Hathaway in OTTAWA zone.
19:14 of 2nd period - Cam Atkinson is hit by Vince Dunn and loses puck.
19:33 of 2nd period - Cam Atkinson is hit by Vince Dunn and loses puck.
19:49 of 2nd period - Off-side.
19:50 of 2nd period - Luke Kunin wins face-off versus Michael Rasmussen in neutral zone.
Goals for this period are 2 for COLUMBUS vs 1 for OTTAWA.
Shots for this period are 10 for COLUMBUS vs 5 for OTTAWA.

3rd period


0:01 of 3rd period - Marcus Johansson wins face-off versus Luke Kunin in neutral zone.
1:10 of 3rd period - Michal Kempny is hit by Mattias Ekholm and loses puck.
1:14 of 3rd period - Icing by Mattias Ekholm.
1:15 of 3rd period - Luke Kunin wins face-off versus Garnet Hathaway in COLUMBUS zone.
2:02 of 3rd period - Shot by Aleksander Barkov.
2:02 of 3rd period - Stopped by Connor Hellebuyck with a rebound.
2:04 of 3rd period - Shot by Steven Stamkos.
2:04 of 3rd period - Stopped by Connor Hellebuyck without a rebound.
2:05 of 3rd period - Derek Grant wins face-off versus Oskar Sundqvist in OTTAWA zone.
2:29 of 3rd period - Kaapo Kakko is hit by Niklas Kronwall and loses puck.
2:54 of 3rd period - Shot by Sean Kuraly.
2:54 of 3rd period - Shot Misses the Net.
3:31 of 3rd period - Marcus Johansson is hit by Ben Chiarot and loses puck.
3:40 of 3rd period - Shot by Marcus Johansson.
3:40 of 3rd period - Shot Misses the Net.
4:31 of 3rd period - Shot by Joakim Nygard.
4:31 of 3rd period - Stopped by Jordan Binnington without a rebound.
4:32 of 3rd period - Brandon Pirri wins face-off versus Derek Grant in COLUMBUS zone.
5:17 of 3rd period - Derek Grant is hit by Kyle Okposo.
5:25 of 3rd period - Shot by Oskar Sundqvist.
5:25 of 3rd period - Shot Misses the Net.
5:27 of 3rd period - Shot by Vince Dunn.
5:27 of 3rd period - Shot Misses the Net.
5:36 of 3rd period - Off-side.
5:37 of 3rd period - Aleksander Barkov wins face-off versus Garnet Hathaway in neutral zone.
6:45 of 3rd period - Shot by Yanni Gourde.
6:45 of 3rd period - Stopped by Jordan Binnington without a rebound.
6:46 of 3rd period - Oskar Sundqvist wins face-off versus Luke Kunin in COLUMBUS zone.
6:47 of 3rd period - Shot by Colin Wilson.
6:47 of 3rd period - Stopped by Jordan Binnington without a rebound.
6:48 of 3rd period - Jonathan Drouin wins face-off versus Oskar Sundqvist in COLUMBUS zone.
7:36 of 3rd period - Off-side.
7:37 of 3rd period - Marcus Johansson wins face-off versus Derek Grant in neutral zone.
7:37 of 3rd period - Minor Penalty to Kaapo Kakko for Interference.
7:38 of 3rd period - Marcus Johansson wins face-off versus Derek Grant in COLUMBUS zone.
7:56 of 3rd period - Off-side.
7:57 of 3rd period - Colin Wilson wins face-off versus Derek Grant in neutral zone.
8:14 of 3rd period - Shot by Mark Borowiecki.
8:14 of 3rd period - Shot Hit the Post.
8:16 of 3rd period - Shot by Niklas Kronwall.
8:16 of 3rd period - Shot Misses the Net.
8:18 of 3rd period - Shot by Kyle Okposo.
8:18 of 3rd period - Shot Misses the Net.
8:24 of 3rd period - Shot by Colin Wilson.
8:24 of 3rd period - Stopped by Jordan Binnington with a rebound.
8:26 of 3rd period - Shot by Mark Borowiecki.
8:26 of 3rd period - Stopped by Jordan Binnington without a rebound.
8:27 of 3rd period - Marcus Johansson wins face-off versus Luke Kunin in COLUMBUS zone.
8:54 of 3rd period - Shot by Jordan Eberle.
8:54 of 3rd period - Shot Misses the Net.
8:56 of 3rd period - Shot by Vince Dunn.
8:56 of 3rd period - Stopped by Jordan Binnington without a rebound.
8:57 of 3rd period - Aleksander Barkov wins face-off versus Colin Wilson in COLUMBUS zone.
9:14 of 3rd period - Shot by Colin Wilson.
9:14 of 3rd period - Stopped by Jordan Binnington with a rebound.
9:16 of 3rd period - Shot by Colin Wilson.
9:16 of 3rd period - Deflect By Kyle Okposo.
9:16 of 3rd period - Stopped by Jordan Binnington with a rebound.
9:18 of 3rd period - Shot by Mark Borowiecki.
9:18 of 3rd period - Shot Blocked by John Carlson.
9:20 of 3rd period - Shot by Niklas Kronwall.
9:20 of 3rd period - Shot Blocked by Mattias Ekholm.
9:52 of 3rd period - Ryan Murray is hit by Martin Kaut and loses puck.
10:01 of 3rd period - Shot by Garnet Hathaway.
10:01 of 3rd period - Stopped by Jordan Binnington without a rebound.
10:02 of 3rd period - Sean Kuraly wins face-off versus Marcus Johansson in COLUMBUS zone.
10:02 of 3rd period - Sean Kuraly is hit by Mark Borowiecki.
10:52 of 3rd period - Shot by Aleksander Barkov.
10:52 of 3rd period - Stopped by Connor Hellebuyck with a rebound.
11:06 of 3rd period - Shot by Aleksander Barkov.
11:06 of 3rd period - Stopped by Connor Hellebuyck with a rebound.
11:19 of 3rd period - Shot by Aleksander Barkov.
11:19 of 3rd period - Stopped by Connor Hellebuyck without a rebound.
11:20 of 3rd period - Luke Kunin wins face-off versus Oskar Sundqvist in OTTAWA zone.
11:46 of 3rd period - Shot by Colin Wilson.
11:46 of 3rd period - Shot Misses the Net.
13:10 of 3rd period - Aleksander Barkov is hit by Ryan Suter and loses puck.
13:15 of 3rd period - Shot by Steven Stamkos.
13:15 of 3rd period - Shot Misses the Net.
13:17 of 3rd period - Shot by Aleksander Barkov.
13:17 of 3rd period - Stopped by Connor Hellebuyck without a rebound.
13:18 of 3rd period - Derek Grant wins face-off versus Oskar Sundqvist in OTTAWA zone.
13:23 of 3rd period - Shot by Erik Cernak.
13:23 of 3rd period - Stopped by Connor Hellebuyck with a rebound.
13:31 of 3rd period - Cam Atkinson is hit by Oskar Sundqvist and loses puck.
15:27 of 3rd period - Shot by Joakim Nygard.
15:27 of 3rd period - Shot Misses the Net.
15:30 of 3rd period - Joakim Nygard is hit by John Carlson and loses puck.
17:20 of 3rd period - Shot by Jonathan Drouin.
17:20 of 3rd period - Shot Blocked by Ryan Suter.
17:22 of 3rd period - Shot by Luke Kunin.
17:22 of 3rd period - Deflect By Jonathan Drouin.
17:22 of 3rd period - Shot Misses the Net.
17:46 of 3rd period - Shot by Steven Stamkos.
17:46 of 3rd period - Shot Blocked by Oskar Sundqvist.
17:48 of 3rd period - Shot by John Carlson.
17:48 of 3rd period - Shot Misses the Net.
18:07 of 3rd period - Aleksander Barkov is hit by Ryan Suter and loses puck.
18:26 of 3rd period - Shot by Jack Roslovic.
18:26 of 3rd period - Stopped by Connor Hellebuyck without a rebound.
18:27 of 3rd period - Marcus Johansson wins face-off versus Marcus Sorensen in OTTAWA zone.
18:48 of 3rd period - Shot by Marcus Johansson.
18:48 of 3rd period - Stopped by Jordan Binnington without a rebound.
18:49 of 3rd period - Garnet Hathaway wins face-off versus Luke Kunin in COLUMBUS zone.
19:50 of 3rd period - Shot by Steven Stamkos.
19:50 of 3rd period - Shot Misses the Net.
19:52 of 3rd period - Shot by Ben Chiarot.
19:52 of 3rd period - Deflect By Aleksander Barkov.
19:52 of 3rd period - Goal by Aleksander Barkov - COLUMBUS : 5 - OTTAWA : 1.
19:53 of 3rd period - Marcus Johansson wins face-off versus Derek Grant in neutral zone.
Goals for this period are 1 for COLUMBUS vs 0 for OTTAWA.
Shots for this period are 9 for COLUMBUS vs 10 for OTTAWA.